Map: Lerilak Crest

Players

DannyP - Winner!

  • Race: Zerg Zerg
  • League: Diamond

LilDicky

  • Race: Terran Terran
  • League: Diamond

VOD

http://www.twitch.tv/tumescentpie

Description

Time

  • Played on: Dec. 12, 2015, 1:26 p.m.
  • Length: 12:32
Show
View Real Time Build Order
Export as new Build Order

DannyP Zerg - Winner!

Build Orders: Hatch First, Lurkers 

Get SALT Encoding   

  12  0:01  Drone  
  13  0:12  Overlord  
  13  0:17  Drone  
  14  0:34  Drone x2  
  16  0:35  Drone  
  17  0:55  Hatchery  
  17  0:56  Drone  
  17  1:01  Drone  
  18  1:04  Extractor  
  17  1:19  Drone, Spawning Pool  
  17  1:23  Drone  
  18  1:28  Drone  
  19  1:43  Drone  
  20  2:06  Hatchery  
  20  2:07  Metabolic Boost, Drone x2  
  21  2:10  Drone  
  22  2:16  Drone  
  22  2:22  Drone  
  24  2:36  Zergling x6  
  25  2:43  Queen  
  27  2:46  Drone  
  28  2:54  Overlord  
  27  3:07  Overlord  
  27  3:16  Drone  
  27  3:17  Drone x4  
  27  3:19  Queen  
  34  3:29  Drone x3  
  37  3:36  Zergling x4  
  37  3:37  Queen  
  40  3:45  Extractor  
  40  3:46  Extractor  
  40  3:48  Drone x2  
  40  3:49  Roach Warren  
  40  3:51  Extractor  
  38  3:56  Evolution Chamber  
  38  3:58  Drone x3  
  40  4:05  Drone x3  
  40  4:08  Drone x2  
  45  4:10  Drone  
  46  4:24  Overlord x3  
  46  4:35  Roach  
  48  4:39  Lair  
  48  4:44  Spore Crawler  
  48  4:45  Spore Crawler  
  46  4:47  Spore Crawler  
  46  4:49  Spore Crawler  
  46  4:52  Queen  
  46  5:05  Zergling x12  
  49  5:33  Drone  
  49  5:34  Drone x8  
  57  5:43  Overlord, Spire  
  53  6:01  Queen x2  
  57  6:09  Glial Reconstitution  
  57  6:19  Extractor x2, Queen  
  57  6:20  Overlord x2  
  57  6:21  Overlord x2  
  57  6:26  Zerg Missile Weapons Level 1  
  57  6:28  Hydralisk Den  
  57  6:43  Drone x2  
  57  6:44  Drone  
  57  6:45  Drone x3  
  57  6:46  Drone x2  
  57  6:47  Drone x4  
  67  6:48  Overlord x2  
  69  6:57  Lurker Den  
  69  7:01  Overseer  
  69  7:02  Pneumatized Carapace  
  69  7:03  Drone x3  
  73  7:08  Drone x3  
  73  7:11  Drone x2  
  77  7:33  Drone  
  77  7:34  Drone  
  79  7:38  Hydralisk  
  79  7:39  Hydralisk x5  
  91  7:46  Hatchery  
  91  7:50  Drone x3  
  91  7:51  Drone x6  
  99  8:09  Hydralisk x2  
  99  8:10  Hydralisk  
  99  8:12  Overlord x2  
  105  8:13  Overlord x2  
  104  8:22  Baneling Nest  
  104  8:25  Lurker x2  
  85  8:55  Zergling x30  
  86  9:06  Hydralisk x2  
  86  9:07  Hydralisk x2  
  81  9:17  Drone x3  
  84  9:25  Drone x3  
  87  9:33  Hatchery, Zerg Missile Weapons Level 2, Muscular Augments  
  87  9:34  Hatchery  
  81  9:40  Hydralisk x2  
  81  9:41  Hydralisk x8  
  96  9:51  Drone x3  
  96  10:08  Drone x9  
  96  10:09  Drone  
  96  10:11  Extractor  
  96  10:12  Extractor  
  104  10:15  Drone  
  104  10:17  Drone  
  106  10:22  Lurker x3  
  106  10:23  Lurker x4  
  113  10:28  Hydralisk  
  113  10:29  Hydralisk x3  
  113  10:30  Overseer  
  113  10:31  Overseer  
  121  10:44  Hydralisk  
  121  10:45  Hydralisk x3, Infestation Pit  
  128  10:53  Queen  
  128  10:54  Queen  
  132  11:05  Baneling  
  132  11:06  Centrifical Hooks, Baneling x8  
  132  11:19  Roach x5  
  132  11:20  Roach x4  
  150  11:31  Hydralisk  
  150  11:32  Hydralisk x2  
Show
View Real Time Build Order
Export as new Build Order

LilDicky Terran 

Build Orders: Liberator Opening, Mech 

Get SALT Encoding   

  12  0:01  SCV  
  13  0:14  SCV  
  14  0:19  Supply Depot  
  14  0:26  SCV  
  15  0:31  Refinery  
  15  0:40  SCV  
  16  0:45  Barracks  
  16  0:53  SCV  
  17  1:05  SCV  
  18  1:17  SCV  
  19  1:29  SCV  
  19  1:32  Reaper  
  21  1:41  Orbital Command  
  21  1:51  Command Center  
  21  2:02  Factory  
  21  2:06  Refinery  
  22  2:08  SCV  
  22  2:16  Supply Depot  
  22  2:18  Marine  
  23  2:37  Marine  
  24  2:49  Starport  
  24  2:56  Armory  
  24  2:57  SCV  
  25  3:14  Marine  
  26  3:21  Liberator  
  26  3:33  SCV  
  26  3:34  Marine  
  28  3:37  Factory Tech Lab  
  31  3:44  Orbital Command  
  31  3:46  Supply Depot  
  31  3:47  SCV  
  31  3:57  Refinery  
  31  3:59  SCV  
  31  4:00  Barracks  
  32  4:05  Marine  
  33  4:10  Bunker  
  33  4:11  SCV  
  33  4:13  Thor  
  33  4:17  SCV  
  41  4:21  Liberator  
  41  4:23  SCV  
  42  4:35  Marine  
  42  4:36  SCV x2  
  48  4:48  SCV x2, Marine  
  51  4:53  Marine  
  52  5:00  SCV  
  52  5:04  SCV  
  54  5:08  Refinery  
  54  5:12  Supply Depot  
  54  5:14  Supply Depot  
  54  5:16  Thor, Marine  
  54  5:17  SCV  
  54  5:18  Supply Depot  
  62  5:28  SCV  
  61  5:30  Liberator  
  54  5:41  SCV  
  54  5:42  SCV  
  56  5:43  Marine x2  
  53  6:04  Command Center, SCV x2  
  53  6:07  Marine x2  
  57  6:16  SCV  
  57  6:24  Supply Depot, Terran Vehicle And Ship Armor Level 1  
  57  6:25  Marine x2  
  58  6:27  Supply Depot  
  58  6:28  SCV  
  58  6:29  SCV  
  61  6:34  Starport Reactor  
  61  6:40  SCV  
  61  6:42  SCV  
  63  6:51  Thor  
  63  6:52  Marine  
  63  6:53  SCV  
  71  6:55  SCV  
  71  6:56  Command Center  
  71  7:00  Liberator  
  72  7:03  Liberator  
  72  7:05  SCV  
  72  7:07  SCV  
  74  7:09  Marine  
  75  7:17  SCV  
  75  7:19  SCV  
  83  7:23  Factory  
  83  7:28  SCV  
  84  7:30  Engineering Bay, Marine x2  
  84  7:31  SCV  
  88  7:37  SCV  
  88  7:41  Thor  
  88  7:42  SCV  
  95  7:48  Marine x2  
  97  7:51  Supply Depot  
  97  7:55  Planetary Fortress  
  97  8:06  Missile Turret  
  97  8:07  Missile Turret  
  97  8:08  Missile Turret x2  
  97  8:10  Missile Turret, Orbital Command  
  97  8:11  Missile Turret  
  97  8:14  Factory Tech Lab  
  97  8:16  Infernal Pre-Igniter  
  94  8:47  Liberator x2  
  88  9:01  Marine  
  83  9:02  Thor  
  83  9:03  Thor  
  83  9:09  SCV x2  
  96  9:11  SCV  
  91  9:18  Factory x2, Refinery x2  
  91  9:19  Factory  
  91  9:21  SCV x2  
  91  9:23  SCV  
  94  9:24  Supply Depot  
  94  9:43  Marine x2  
  96  9:45  Thor x2  
  106  9:56  SCV  
  107  10:00  Terran Vehicle And Ship Armor Level 2  
  107  10:01  Marine x2  
  107  10:06  Hellion  
  107  10:07  Hellion x2  
  109  10:19  Marine  
  110  10:22  SCV x3  
  110  10:25  Command Center, Terran Infantry Armor Level 1  
  110  10:27  Marine  
  110  10:28  Thor x2, Hellion x2  
  118  10:34  SCV x2  
  132  10:38  Marine  
  132  10:40  Factory Reactor  
  133  10:43  Liberator x2  
  133  10:45  Marine  
  134  10:54  Hellbat x2  
  134  10:56  Marine  
  145  11:17  SCV x3  
  148  11:37  Thor, SCV  
  154  12:01  Marine x2  
  156  12:03  Widow Mine x2  
Tags
 
Add a new tag
Caveats
  • Supply blocks, unpowered buildings, or Contaminate may cause inaccurate times.
  • Supply counts are checked every 10 seconds.